 Dungeon Crawl Stone Soup version 0.24-b1 (webtiles) character file.

Game seed: 3446658835998460974, levelgen mode: deterministic

62 funjord the Gusty (level 4, 0/25 HPs)
             Began as a Tengu Air Elementalist on Oct 13, 2019.
             Succumbed to an adder's poison
             ... on level 2 of the Dungeon.
             The game lasted 00:06:29 (1605 turns).

funjord the Gusty (Tengu Air Elementalist)          Turns: 1605, Time: 00:06:29

Health: 0/25       AC:  3    Str:  8    XL:     4   Next: 8%
Magic:  3/8        EV: 12    Int: 17    God:
Gold:   68         SH:  0    Dex: 14    Spells: 7/8 levels left

rFire    . . .     SeeInvis .   a - +0 dagger
rCold    . . .     Gourm    .   (no shield)
rNeg     . . .     Faith    .   g - +0 leather armour
rPois    .         Spirit   .   (helmet restricted)
rElec    .         Reflect  .   (no cloak)
rCorr    .         Harm     .   (no gloves)
MR       .....                  (boots unavailable)
Stlth    ++........             (no amulet)
HPRegen  0.08/turn              (no ring)
MPRegen  0.11/turn              (no ring)

@: lethally poisoned (0 -> -9)
A: beak, talons 3
a: no special abilities


You were on level 2 of the Dungeon.
You were not hungry.

You visited 1 branch of the dungeon, and saw 2 of its levels.

You collected 68 gold pieces.

Inventory:

Hand Weapons
 a - a +0 dagger (weapon)
Armour
 d - a +0 chain mail
 g - a +0 leather armour (worn)
Jewellery
 e - a cursed ring of teleportation {unknown}
Scrolls
 b - 3 scrolls of identify {unknown}
 i - 2 scrolls of fog {unknown}
 j - a scroll of enchant weapon {unknown}
 k - a scroll of amnesia {unknown}
 n - a scroll of remove curse {unknown}
 p - a scroll of enchant armour {unknown}
Potions
 h - 3 potions of heal wounds {unknown}
 l - a potion of magic {unknown}
 m - a potion of haste {unknown}
 o - a potion of flight {unknown}
 q - a potion of cancellation {unknown}
Comestibles
 c - 9 rations
 f - 10 chunks of flesh


   Skills:
 + Level 1.0 Fighting
 - Level 2.5 Dodging
 - Level 2.3 Stealth
 + Level 2.5 Spellcasting
 + Level 2.6 Conjurations
 + Level 4.6 Air Magic


You had 7 spell levels left.
You knew the following spells:

 Your Spells              Type           Power        Failure   Level  Hunger
a - Shock                 Conj/Air       ##..         6%          1    #......

Your spell library contained the following spells:

 Spells                   Type           Power        Failure   Level  Hunger
 Swiftness                Chrm/Air       ##......     16%         2    ##.....
 Static Discharge         Conj/Air       ##......     19%         3    ###....
 Airstrike                Air            ###.......   36%         4    #####..
 Lightning Bolt           Conj/Air       ##........   86%         5    ######.


Dungeon Overview and Level Annotations

Branches:
Dungeon (2/15)

Altars:
Dithmenos


Innate Abilities, Weirdness & Mutations

You have a beak for a mouth.
You have claws for feet.


Message History

You feel sick. The adder bites you.
* * * LOW HITPOINT WARNING * * *
You are more poisoned.
The adder poisons you!
* * * LOW HITPOINT WARNING * * *
You feel sick.
* * * LOW HITPOINT WARNING * * *
You feel sick. The adder barely misses you.
* * * LOW HITPOINT WARNING * * *
You feel sick.
* * * LOW HITPOINT WARNING * * *
You feel sick.
You see here a quokka skeleton.
* * * LOW HITPOINT WARNING * * *
You feel sick. The adder closely misses you.
* * * LOW HITPOINT WARNING * * *
You feel sick.
* * * LOW HITPOINT WARNING * * *
You feel sick.
You die...

#.# #......#....
#.# #......#....
#.# #...........
#.# #......#....
######g#
#......#....
##......#
#...........
##......S##
#......## ..
#.........#
#......# #
#.......@.#
###....#
#.........#
###..##..#
#.........###...##
#..#
#.............###
#.#
#.........##### ..
#.........# .
#......รท..#
#.........#
#.........#


You could see an adder and a goblin.

Vanquished Creatures
  2 adders (D:2)
  A worm (D:2)
  2 dart slugs
  A leopard gecko (D:2)
  4 bats
  3 giant cockroaches
  3 goblins
  8 hobgoblins (D:1)
  A quokka (D:2)
  A ball python (D:1)
  3 kobolds
  3 rats (D:2)
32 creatures vanquished.

Notes
Turn   | Place    | Note
-------+----------+-------------------------------------------
     0 | D:1      | funjord the Tengu Air Elementalist began the quest for the
                  | Orb.
     0 | D:1      | Reached XP level 1. HP: 10/10 MP: 4/4
    73 | D:1      | Reached XP level 2. HP: 4/15 MP: 0/6
  1175 | D:2      | Reached XP level 3. HP: 19/19 MP: 7/7
  1410 | D:2      | Found a shadowy altar of Dithmenos.
  1536 | D:2      | Reached XP level 4. HP: 23/24 MP: 3/8
  1563 | D:2      | Reached skill level 1 in Fighting
  1604 | D:2      | HP: 1/25 [poisoned by an adder]
  1605 | D:2      | Succumbed to an adder's poison

Skill      XL: |  1  2  3  4 |
---------------+-------------+-----
Conjurations   | 2 |  2.6
Fighting       | 1 |  1.0
Dodging        | |  2.5
Stealth        | |  2.3
Spellcasting   | |  2.5
Air Magic      | |  4.6

Action                   |  1- 3 |  4- 6 || total
-------------------------+-------+-------++-------
Melee: Unarmed           |    10 |       ||    10
       Peck              |     6 |       ||     6
       Dagger            |    32 |    14 ||    46
       Kick              |     8 |     1 ||     9
 Cast: Shock             |    47 |     8 ||    55
 Stab: Sleeping          |     1 |       ||     1
  Eat: Chunk             |     3 |       ||     3
Armor: Robe              |     3 |       ||     3
       Leather armour    |     6 |     3 ||     9
Dodge: Dodged            |    42 |    13 ||    55
